 Dungeon Crawl Stone Soup version 0.29-a0-96-g93358da72b (webtiles) character file.

Game seed: 7401007069063231867

511 cyrus the Poker (level 7, -3/49 HPs)
             Began as a Merfolk Fighter on Feb 11, 2022.
             Was a Believer of Hepliaklqana.
             Killed from afar by a steam dragon (11 damage)
             ... with a ball of steam
             ... on level 4 of the Dungeon.
             The game lasted 00:09:32 (3902 turns).

cyrus the Poker (Merfolk Fighter)                   Turns: 3902, Time: 00:09:33

Health: -3/49      AC:  8    Str: 18    XL:     7   Next: 19%
Magic:  7/7        EV:  6    Int:  8    God:    Hepliaklqana [**....]
Gold:   103        SH: 13    Dex: 13    Spells: 6/6 levels left

rFire   . . .      SeeInvis .   a - +0 trident
rCold   . . .      Faith    .   l - +0 tower shield
rNeg    . . .      Spirit   .   b - +0 scale mail
rPois   +          Reflect  .   (no helmet)
rElec   .          Harm     .   (no cloak)
rCorr   .          Rampage  .   r - +0 pair of gloves
Will    .....                   (no boots)
Stlth   ..........              (no amulet)
HPRegen 0.16/turn               f - ring of poison resistance
MPRegen 0.10/turn               (no ring)

@: no status effects
A: reduced essence, (nimble swimmer 2), mertail
a: Renounce Religion, Recall Ancestor, Ancestor Identity


You were on level 4 of the Dungeon.
You worshipped Hepliaklqana.
Hepliaklqana was pleased with you.
You visited 1 branch of the dungeon, and saw 4 of its levels.

You collected 103 gold pieces.

Inventory:

Hand Weapons
 a - a +0 trident (weapon)
Armour
 b - a +0 scale mail (worn)
 c - a +0 buckler
 e - a +0 scale mail
 l - a +0 tower shield (worn)
 r - a +0 pair of gloves (worn)
Jewellery
 f - a ring of poison resistance (left hand)
 h - an amulet of magic regeneration
 o - a ring of positive energy
 u - a ring of ice
Wands
 y - a wand of iceblast (10)
Scrolls
 d - a scroll of amnesia {unknown}
 g - a scroll of immolation {unknown}
 i - 3 scrolls of identify {unknown}
 s - 2 scrolls of fog {unknown}
 t - 3 scrolls of teleportation {unknown}
 v - a scroll of enchant armour {unknown}
 x - a scroll of enchant weapon {unknown}
 z - a scroll of holy word {unknown}
Potions
 j - a potion of lignification {unknown}
 k - 2 potions of magic {unknown}
 m - a potion of curing {unknown}
 n - a potion of cancellation {unknown}
 p - a potion of brilliance {unknown}
 q - a potion of ambrosia {unknown}
 w - 2 potions of mutation {unknown}


   Skills:
 + Level 4.6 Fighting
 + Level 7.1 Polearms
 + Level 3.4 Armour
 + Level 2.0 Dodging
 + Level 0.7 Stealth
 + Level 4.0 Shields


You had 6 spell levels left.
You didn't know any spells.
Your spell library was empty.

Dungeon Overview and Level Annotations

Branches:
Dungeon (4/15)
 Temple: D:4-7

Altars:
Hepliaklqana


Innate Abilities, Weirdness & Mutations

Your life essence is reduced to manifest your ancestor. (-10% HP)
((You are very nimble when in or above water. (Stealth+, EV+, Speed+++)))
Your lower body shifts to a powerful aquatic tail in water.


Message History

The water moccasin is engulfed in a cloud of scalding steam.
The water moccasin bites you!
You are poisoned.
The water moccasin poisons you!
Jack the III misses the water moccasin.
The water moccasin is engulfed in a cloud of scalding steam.
You block the water moccasin's attack.
You closely miss the water moccasin.
The water moccasin is almost dead.
You feel very sick.
Jack the III hits the water moccasin with a +0 flail!
The water moccasin dies!
Jack the III barely misses the steam dragon.
Your Dodging skill increases to level 2!
You hit the steam dragon.
The steam dragon is lightly wounded.
You are engulfed in a cloud of scalding steam.
You feel sick. You block the steam dragon's attack.
The steam dragon barely misses you.
Jack the III hits the steam dragon with a +0 flail.
You block the steam dragon's attack. The steam dragon claws you.
* * * LOW HITPOINT WARNING * * *
You feel sick.
Jack the III hits the steam dragon with a +0 flail.
You block the steam dragon's attack. x2
You feel sick.
Jack the III closely misses the steam dragon.
You feel sick.
You barely miss the steam dragon.
The steam dragon is heavily wounded.
You feel sick. You block the steam dragon's attack.
The steam dragon claws you but does no damage.
You hit the steam dragon.
The steam dragon is heavily wounded.
You feel sick.
You are no longer poisoned.
Jack the III blocks the giant cockroach's attack.
Jack the III closely misses the hobgoblin.
The steam dragon breathes steam at you. The ball of steam hits you!
You die...

#.
[...........###....[....#.
..............##...#.....#
####.....####............#.
##...## #.#...........#
##.## #.#............ #.#
##.#...<........ . +#.#+
##.........####..
...###...###....#..##.###.(.
.......8RgD@....##.##..##...
..###..B###....#...#..##...
+#.#'.##......###......
#.#gB.##.#............
#.##...#.............. ...
#.)#.............. ...
###.............. ....
.............## #...(
..........##.


You could see the friendly Jack the III the knight, a steam dragon (catching
breath, ally target), a giant cockroach and a hobgoblin.

Vanquished Creatures
  A jelly (D:4)
  Terence (D:2)
  3 adders (D:2)
  A worm (D:3)
  A dart slug (D:1)
  3 orcs (D:3)
  6 ball pythons
  6 endoplasms
  2 giant cockroaches
  5 hobgoblins
  A quokka (D:3)
  3 bats
  A frilled lizard (D:2)
  3 goblins
  5 rats
42 creatures vanquished.

Vanquished Creatures (collateral kills)
  A water moccasin (D:4)
  2 black bears (D:4)
  An orc priest (D:3)
  Ijyb (D:4)
  An orc wizard (D:3)
  A killer bee zombie (D:4)
  Robin (D:4)
  An adder (D:3)
  An adder skeleton (D:4)
  A worm (D:2)
  2 dart slugs (D:2)
  3 orcs
  A ball python (D:4)
  2 endoplasms
  4 hobgoblins
  3 kobolds
  9 goblins
  A rat (D:2)
36 creatures vanquished.

Grand Total: 78 creatures vanquished

Notes
Turn   | Place    | Note
-------+----------+-------------------------------------------
     0 | D:1      | cyrus the Merfolk Fighter began the quest for the Orb.
     0 | D:1      | Reached XP level 1. HP: 18/18 MP: 1/1
   109 | D:1      | Found a faded altar of an unknown god.
   116 | D:1      | Prayed at the altar of an unknown god.
   116 | D:1      | Became a worshipper of Hepliaklqana the Forgotten
   116 | D:1      | Reached * piety under Hepliaklqana
   227 | D:1      | Reached XP level 2. HP: 20/21 MP: 2/2
   898 | D:2      | Noticed Terence
   903 | D:2      | Killed Terence
   904 | D:2      | Reached skill level 4 in Polearms
   904 | D:2      | Reached XP level 3. HP: 23/27 MP: 3/3
   947 | D:2      | Reached XP level 4. HP: 11/33 MP: 4/4
  1932 | D:3      | Reached ** piety under Hepliaklqana
  1933 | D:3      | Remembered your ancestor Jack the III as a knight
  1999 | D:3      | Reached skill level 5 in Polearms
  1999 | D:3      | Reached skill level 1 in Dodging
  1999 | D:3      | Reached XP level 5. HP: 37/37 MP: 5/5
  2709 | D:4      | Noticed a black bear
  2714 | D:4      | Killed a black bear
  2715 | D:4      | Reached skill level 6 in Polearms
  2715 | D:4      | Reached XP level 6. HP: 29/43 MP: 6/6
  2715 | D:4      | Noticed Ijyb
  3027 | D:4      | Killed Ijyb
  3538 | D:4      | Noticed a black bear
  3545 | D:4      | Killed a black bear
  3546 | D:4      | Reached XP level 7. HP: 41/49 MP: 7/7
  3727 | D:4      | Noticed Robin
  3729 | D:4      | Reached skill level 7 in Polearms
  3740 | D:4      | Killed Robin
  3893 | D:4      | Noticed a steam dragon
  3902 | D:4      | Killed from afar by a steam dragon

Illustrated notes

Levels and vault maps discovered:
D:1:      ebering_trefoil_3fold, layout_rooms, serial_curves, eino_curves_04,
          eino_curves_04, eino_curves_02, dilly_ecumenical_altar_fadedgnrine,
          chequers_serial_rivers_micro_a, hangedman_decor_clover_reticule
D:2:      layout_rooms, uniq_terence
D:3:      layout_rooms, grunt_decor_cap, amcnicky_mini_corridor_feature
D:4:      cheibrodos_barr_body, layout_cave_pools, uniq_crazy_yiuf_cottage,
          uniq_ijyb, uniq_robin, uniq_natasha

Skill      XL: |  1  2  3  4  5  6  7 |
---------------+----------------------+-----
Polearms       | 4 5 6 7 |  7.1
Fighting       | 4 |  4.6
Dodging        | 1 2 |  2.0
Armour         | 3 |  3.4
Shields        | 4 |  4.0
Stealth        | |  0.7

Action                   |  1- 3 |  4- 6 |  7- 9 || total
-------------------------+-------+-------+-------++-------
Melee: Trident           |    60 |    77 |    18 ||   155
Invok: Ancestor Identity |     1 |       |       ||     1
       Ancestor Life: Kn |       |     1 |       ||     1
  Use: Potion            |     1 |       |       ||     1
Armor: Scale mail        |    29 |    26 |    18 ||    73
Dodge: Dodged            |    33 |    19 |     5 ||    57
Block: Buckler           |    14 |       |       ||    14
       Tower shield      |       |    56 |    24 ||    80

Table legend: (Time is in decaauts)
 A = Elapsed time spent in this place.
 B = Non-inter-level travel time spent in this place.
 C = Inter-level travel time spent in this place.
 D = Time resting spent in this place.
 E = Time spent auto-exploring this place.
 F = Levels seen in this place.
 G = Mean time per level.
                   A        B        C        D        E       F      G
               +--------+--------+--------+--------+--------+-----+--------+
         Total |   3946 |   3934 |     12 |   1816 |   1360 |   4 |  986.5 |
       Dungeon |   3946 |   3934 |     12 |   1816 |   1360 |   4 |  986.5 |
               +--------+--------+--------+--------+--------+-----+--------+

Top non-repeatable levels by time:
     D:2: 1118 daAuts
     D:3: 1093 daAuts
     D:4: 905 daAuts
     D:1: 829 daAuts
